 Dungeon Crawl Stone Soup version 0.18.1-48-g4cf74bf (webtiles) character file.

30 striepan the Charmwright (level 3, 0/24 HPs)
             Began as a High Elf Skald on Sept 5, 2016.
             Succumbed to an adder's poison
             ... on level 2 of the Dungeon.
             The game lasted 00:12:03 (1138 turns).

striepan the Charmwright (High Elf Skald)           Turns: 1138, Time: 00:12:03

Health: 0/24       AC:  3    Str: 11    XL:     3   Next: 5%
Magic:  7/7        EV: 11    Int: 15    God:
Gold:   82         SH:  0    Dex: 16    Spells: 3 memorised, 1 level left

rFire  . . .     SeeInvis .     a - +0 falchion
rCold  . . .     Gourm    .     b - +0 leather armour
rNeg   . . .     Faith    .     (no shield)
rPois  .         Spirit   .     (no helmet)
rElec  .         Dismiss  .     (no cloak)
rCorr  .         Reflect  .     (no gloves)
SustAt .         Harm     .     (no boots)
MR     .....                    (no amulet)
Stlth  +.........               (no ring)
                                (no ring)

@: lethally poisoned (0 -> -6), not resistant to hostile enchantments, very
unstealthy
A: no striking features
a: no special abilities


You were on level 2 of the Dungeon.
You were hungry.

You visited 1 branch of the dungeon, and saw 2 of its levels.

You collected 82 gold pieces.

Inventory:

Hand Weapons
 a - a +0 falchion (weapon)
Armour
 b - a +0 leather armour (worn)
 m - a +0 helmet
Wands
 k - a wand of teleportation (3/9)
Scrolls
 f - 2 scrolls of identify {unknown}
 g - 2 scrolls of blinking {unknown}
 h - a scroll of random uselessness {unknown}
 i - 2 scrolls of magic mapping {unknown}
 l - 2 scrolls of remove curse {unknown}
Potions
 e - a potion of agility {unknown}
Books
 c - a book of Battle

   Spells                             Type                      Level
   a - Infusion                       Charms                       1
   b - Shroud of Golubria             Charms/Translocation         2
   c - Song of Slaying                Charms                       2
   d - Spectral Weapon                Hexes/Charms                 3
   e - Regeneration                   Charms/Necromancy            3
Comestibles
 d - 2 bread rations
 j - 2 meat rations


   Skills:
 - Level 2.0 Fighting
 - Level 2.4 Long Blades
 - Level 0.8 Armour
 - Level 1.1 Dodging
 - Level 2.4 Spellcasting
 - Level 5.0 Charms
 + Level 0.7 Translocations


You had one spell level left.
You knew the following spells:

 Your Spells              Type           Power        Failure   Level  Hunger
a - Infusion              Chrm           ###.         3%          1    #......
b - Song of Slaying       Chrm           ###.....     6%          2    ###....
c - Shroud of Golubria    Chrm/Tloc      ##........   17%         2    ###....


Dungeon Overview and Level Annotations

Branches:
Dungeon (2/15)

Altars:


Message History

The adder closely misses you.
You miss the adder.
The adder is heavily wounded.
You feel sick. The adder bites you.
* * * LOW HITPOINT WARNING * * *
You hit the adder.
The adder is severely wounded.
The adder bites you but does no damage. The adder barely misses you.
You hit the adder.
The adder is severely wounded.
The adder misses you.
You closely miss the adder.
The adder is severely wounded.
The adder bites you.
* * * LOW HITPOINT WARNING * * *
You are more poisoned.
The adder poisons you! The adder bites you but does no damage.
You hit the adder but do no damage.
The adder is severely wounded.
You die...

### . ..# # #.##
#.######### ..
.....##.#..<....# #.. ..
...#.#####.#
......##.##.#.#####.####
......................#
#..#####.#..#.#..##.#
#...@S...#..#.#..##.#
.....########........#.#
#.# ##.###[.w#.#
#.......#.# .....
#####.....# ....##
#....### ....# #.#### ##
...# #.# #.. ..# #.#


You could see an adder.

Vanquished Creatures
  An ooze (D:1)
  A worm (D:2)
  A dart slug (D:1)
  A ball python (D:1)
  4 bats (D:1)
  4 goblins (D:1)
  2 hobgoblins (D:1)
  A giant newt (D:1)
  5 kobolds (D:1)
20 creatures vanquished.

Notes
Turn   | Place    | Note
--------------------------------------------------------------
     0 | D:1      | striepan the High Elf Skald began the quest for the Orb.
     0 | D:1      | Reached XP level 1. HP: 14/14 MP: 4/4
   111 | D:1      | Reached skill level 4 in Charms
   197 | D:1      | Reached XP level 2. HP: 17/19 MP: 6/6
   419 | D:1      | Learned a level 2 spell: Song of Slaying
   422 | D:1      | Learned a level 2 spell: Shroud of Golubria
   448 | D:1      | Reached skill level 5 in Charms
  1060 | D:2      | Reached XP level 3. HP: 15/24 MP: 1/7
  1137 | D:2      | HP: 1/24 [adder (3)]
  1138 | D:2      | Succumbed to an adder's poison

Skill      XL: |  1  2 |
---------------+-------+-----
Charms         | 4 5 |  5.0
Fighting       | |  2.0
Long Blades    | |  2.4
Armour         | |  0.8
Dodging        | |  1.1
Spellcasting   | |  2.4
Translocations | |  0.7

Action                   || total
-------------------------++-------
Melee: Falchion          ||    68
 Cast: Shroud of Golubri ||     1
       Infusion          ||     1
 Stab: Sleeping          ||     1
Armor: Leather armour    ||    15
Dodge: Dodged            ||    36
